 Dungeon Crawl Stone Soup version 0.27-a0-1193-g8631133539 (webtiles) character file.

Game seed: 2970897596936633452

210 Delamore the Cudgeller (level 5, 0/35 HPs)
             Began as a Gargoyle Monk on May 25, 2021.
             Was a Believer of Okawaru.
             Slain by an orc
             ... wielding a +0 mace
              (1 damage)
             ... on level 3 of the Dungeon.
             The game lasted 00:04:24 (3861 turns).

Delamore the Cudgeller (Gargoyle Monk)              Turns: 3861, Time: 00:04:25

Health: 0/35       AC: 10    Str: 15    XL:     5   Next: 88%
Magic:  5/5        EV:  9    Int: 11    God:    Okawaru [**....]
Gold:   26         SH:  0    Dex: 12    Spells: 4/4 levels left

rFire    . . .     SeeInvis .   a - +0 mace
rCold    . . .     Faith    .   (no shield)
rNeg     + . .     Spirit   .   x - +0 scale mail
rPois    ∞         Reflect  .   (no helmet)
rElec    +         Harm     .   (no cloak)
rCorr    +         Rampage  .   (no gloves)
Will     .....                  (no boots)
Stlth    +.........             (no amulet)
HPRegen  0.11/turn              h - ring of resist corrosion
MPRegen  0.09/turn              (no ring)

@: about to teleport, on berserk cooldown, slowed, very slow
A: sickness immunity, AC +4, negative energy resistance 1, electricity
resistance, torment resistance 1, petrification resistance
a: Renounce Religion, Heroism


You were on level 3 of the Dungeon.
You worshipped Okawaru.
Okawaru was pleased with you.
You visited 1 branch of the dungeon, and saw 3 of its levels.
You also visited: Sewer.

You collected 70 gold pieces.
You spent 44 gold pieces at shops.

Inventory:

Hand Weapons
 a - a +0 mace (weapon)
Missiles
 v - 2 poisoned darts (quivered)
Armour
 b - a +0 robe
 j - a +0 leather armour
 l - a +0 kite shield
 x - a +0 scale mail (worn)
Jewellery
 h - a ring of resist corrosion (left hand)
Wands
 k - a wand of iceblast (1)
 y - a wand of charming (10)
Scrolls
 e - a scroll of enchant armour {unknown}
 g - 3 scrolls of teleportation
 m - a scroll of fog
 o - a scroll of magic mapping {unknown}
 r - a scroll of amnesia
 s - a scroll of blinking
Potions
 c - a potion of resistance
 f - a potion of haste
 i - a potion of degeneration {unknown}
 n - a potion of heal wounds {unknown}
 p - a potion of brilliance
 q - a potion of lignification {unknown}
 t - 4 potions of invisibility
 u - a potion of flight {unknown}
 w - a potion of curing {unknown}


   Skills:
 - Level 5.0 Fighting
 + Level 5.3 Maces & Flails
 + Level 0.2 Armour
 - Level 2.4 Dodging
 - Level 2.1 Stealth


You had 4 spell levels left.
You didn't know any spells.
Your spell library contained the following spells:

 Spells                   Type           Power      Damage    Failure   Level
 Corona                   Hex            0%         N/A       82%         1
 Ensorcelled Hibernation  Hex/Ice        0%         N/A       91%         2
 Confusing Touch          Hex            0%         N/A       99%         3
 Dazzling Flash           Conj/Hex       0%         N/A       99%         3
 Tukima's Dance           Hex            0%         N/A       99%         3


Dungeon Overview and Level Annotations

Branches:
Dungeon (3/15)              Sewer (visited)

Altars:
Fedhas
Okawaru
Uskayaw
Vehumet
Xom

Shops:
D:2 *?

Annotations:
D:2 Terence


Innate Abilities, Weirdness & Mutations

You are immune to sickness and miasma.
Your stone body is resilient. (AC +4)
You are immune to poison.
You resist negative energy. (rN+)
You are resistant to electric shocks. (rElec)
You are resistant to unholy torment.
You are immune to petrification.


Message History

You are more confused.
You're too confused to move!
You hear some strange, mumbled words.
A puff of flame appears from out of thin air!
The puff of flame hits you but does no damage.
You bump into the rock wall.
You hear some strange, mumbled words.
A puff of flame appears from out of thin air!
The puff of flame hits you.
* * * LOW HITPOINT WARNING * * *
You bump into the rock wall.
Something hits you but does no damage.
A magic dart appears from out of thin air!
The magic dart hits you!
* * * LOW HITPOINT WARNING * * *
The orc priest looks braver for a moment.
You bump into the rock wall.
It was a potion of berserk rage.
A red film seems to cover your vision as you go berserk!
You feel yourself moving faster!
You feel mighty!
You hear some strange, mumbled words.
A magic dart appears from out of thin air!
The magic dart hits you.
* * * LOW HITPOINT WARNING * * *
You bump into the rock wall.
You feel a strong urge to attack something.
The orc hits you but does no damage.
You bump into the rock wall.
You feel less confused. Something hits you but does no damage.
The orc hits you but does no damage.
The orc priest looks braver for a moment.
You feel your anger nearly subside.
You are no longer berserk.
You are exhausted.
You feel yourself slow down. Something hits you but does no damage.
The orc closely misses you.
As you read the scroll of teleportation, it crumbles to dust.
You feel strangely unstable. The orc hits you with a +0 mace.
* * * LOW HITPOINT WARNING * * *
The orc hits you with a +0 mace.
You die...

.........8..[..#.####.###.#
..............#.## #......#
8.......8....#.## ##.###.#
#..#.#..#...#.### #.# #.##
###...######.#.. #.# #..#
#..#.#..#...#.## #.# ##.#
.............#.## #.# #.#
..............#.## ..# #.#
.............†.#@#########.#
................#o##.......#
.##...##.#.......#o#########
#.##.##.#.#.......#o#
####'######........## ###..#
########.# ....##
###########o# #####
#.....>)o..o# ..###########


You could see an orc priest and 2 orcs.

Vanquished Creatures
  Purgy (Sewer)
  2 adders
  2 river rats (D:3)
  2 worms (D:3)
  2 orcs (D:3)
  5 endoplasms
  7 giant cockroaches
  4 goblins
  6 hobgoblins
  4 jackals
  A quokka (D:3)
  6 ball pythons
  5 bats
  4 frilled lizards
  12 kobolds
  10 rats
73 creatures vanquished.

Notes
Turn   | Place    | Note
-------+----------+-------------------------------------------
     0 | D:1      | Delamore the Gargoyle Monk began the quest for the Orb.
     0 | D:1      | Reached XP level 1. HP: 14/14 MP: 1/1
   324 | D:1      | Reached XP level 2. HP: 19/19 MP: 2/2
  1237 | D:2      | Reached XP level 3. HP: 21/24 MP: 3/3
  1421 | D:2      | Found Tavuev's Magic Scroll Shop.
  1427 | D:2      | Bought a scroll of fog for 20 gold pieces
  1431 | D:2      | Found Funub's General Store.
  1518 | D:2      | Noticed Terence
  1908 | D:2      | Found a faded altar of an unknown god.
  2349 | D:3      | Found a glowing drain.
  2366 | D:3      | Reached XP level 4. HP: 3/30 MP: 4/4
  2777 | Sewer    | Entered a sewer
  2821 | Sewer    | Noticed Purgy
  2829 | Sewer    | Killed Purgy
  2830 | Sewer    | Reached skill level 5 in Fighting
  2830 | Sewer    | Reached XP level 5. HP: 20/35 MP: 5/5
  2839 | Sewer    | Reached skill level 5 in Maces & Flails
  3296 | D:2      | Bought a scroll of identify for 24 gold pieces
  3412 | D:3      | Found a radiant altar of Vehumet.
  3412 | D:3      | Found a shimmering altar of Xom.
  3517 | D:3      | Found a faded altar of an unknown god.
  3519 | D:3      | Found a blossoming altar of Fedhas.
  3521 | D:3      | Found an iron altar of Okawaru.
  3590 | D:3      | Became a worshipper of Warmaster Okawaru
  3590 | D:3      | Reached * piety under Okawaru
  3590 | D:3      | Reached ** piety under Okawaru
  3625 | D:3      | Found a hide-covered altar of Uskayaw.
  3850 | D:3      | HP: 1/35 [something/magic dart (7)]
  3860 | D:3      | HP: 1/35 [orc/+0 mace (1)]
  3861 | D:3      | Slain by an orc

Illustrated notes

Levels and vault maps discovered:
D:1:      eino_arrival_water_cross, layout_basic
D:2:      layout_basic, serial_shops,
          nicolae_shop_temple_entry_statues_fountains, shop,
          shapermc_ecumenical_altar_notcrosses, uniq_terence
D:3:      wad_pebble_path, layout_loops_ring, lemuel_tele_altar,
          nicolae_overflow_hidden_temple, chequers_temple_overflow_minitemple,
          portal_sewer_entry_b

Skill      XL: |  1  2  3  4  5 |
---------------+----------------+-----
Fighting       | 4 5 |  5.0
Maces & Flails | 4 5 |  5.3
Armour         | |  0.2
Dodging        | |  2.4
Stealth        | |  2.1

Action                   |  1- 3 |  4- 6 || total
-------------------------+-------+-------++-------
Melee: Mace              |   101 |    96 ||   197
Evoke: Wand              |       |     4 ||     4
  Use: Potion            |     3 |     1 ||     4
       Scroll            |     1 |     4 ||     5
 Stab: Sleeping          |     7 |     5 ||    12
Armor: Robe              |     9 |       ||     9
       Leather armour    |    13 |    32 ||    45
       Scale mail        |       |    20 ||    20
Dodge: Dodged            |    56 |    49 ||   105

Table legend: (Time is in decaauts)
 A = Elapsed time spent in this place.
 B = Non-inter-level travel time spent in this place.
 C = Inter-level travel time spent in this place.
 D = Time resting spent in this place.
 E = Time spent auto-exploring this place.
 F = Levels seen in this place.
 G = Mean time per level.
                   A        B        C        D        E       F      G
               +--------+--------+--------+--------+--------+-----+--------+
         Total |   3890 |   3714 |    176 |    862 |   2184 |   4 |  972.5 |
       Dungeon |   3599 |   3423 |    176 |    748 |   2076 |   3 | 1199.7 |
         Sewer |    290 |    290 |      0 |    114 |    108 |   1 |  290.0 |
               +--------+--------+--------+--------+--------+-----+--------+

Top non-repeatable levels by time:
     D:1: 1473 daAuts
     D:3: 1195 daAuts
     D:2: 931 daAuts
   Sewer: 290 daAuts
